 Dungeon Crawl Stone Soup version 0.30.0 (webtiles) character file.

Game seed: 1066335965648510271

28398 browni3141 the Basher (level 13, -16/124 HPs)
             Began as an Armataur Delver on May 6, 2023.
             Was a Believer of the Shining One.
             Killed from afar by Jorgrun (22 damage)
             ... with an iron shot
             ... on level 14 of the Dungeon.
             The game lasted 00:28:47 (15272 turns).

browni3141 the Basher (Armataur Delver)            Turns: 15272, Time: 00:28:47

Health: -16/124    AC: 24    Str: 24    XL:     13   Next: 9%
Magic:  17/18      EV:  3    Int: 10    God:    the Shining One [**....]
Gold:   567        SH: 29    Dex: 11    Spells: 12/12 levels left

rFire   . . .        s - +2 flail (protect)
rCold   . . .        m - +0 tower shield
rNeg    + + .        u - +7 pearl dragon scales
rPois   .            I - +2 hat
rElec   .            W - +2 cloak
rCorr   .            (no gloves)
SInv    .            (no barding)
Will    .....        v - amulet of reflection
Stlth   +            (no ring)
HPRegen 0.40/turn    (no ring)
MPRegen 0.16/turn

%: reflection, roll
@: divinely shielded, grasped by roots, glowing, constricted, studying 5 skills
A: large, rugged brown scales 3, deformed body, armoured tail, roll, long
tongue, awkward tongue
a: Renounce Religion, Divine Shield


You were on level 14 of the Dungeon.
You worshipped the Shining One.
The Shining One was pleased with you.
You visited 2 branches of the dungeon, and saw 15 of its levels.
You also visited: Trove and Bailey.

You collected 957 gold pieces.
You spent 390 gold pieces at shops.

Inventory:

Hand Weapons
 s - a +2 flail of protection (weapon)
Missiles
 J - 13 poisoned darts (quivered)
 T - 5 boomerangs
 Y - 6 curare-tipped darts
 Z - 105 stones
Armour
 b - a +0 leather armour
 f - a +1 ring mail of willpower
 m - a +0 tower shield (worn)
 q - a +0 scale mail
 t - a +2 robe of cold resistance
 u - +7 pearl dragon scales (worn)
 y - a +0 ring mail of poison resistance
 z - a +0 buckler
 B - a +0 plate armour
 G - a scarf of repulsion
 I - a +2 hat (worn)
 K - a +0 helmet
 W - a +2 cloak (worn)
Magical Staves
 U - a staff of death
Jewellery
 a - a ring of resist corrosion
 i - an amulet of regeneration
 v - an amulet of reflection (around neck)
 O - an amulet of guardian spirit
 X - a ring of wizardry
Wands
 g - a wand of digging (3)
 V - a wand of flame (12)
Scrolls
 c - a scroll of immolation {unknown}
 d - a scroll of magic mapping
 e - 2 scrolls of fear
 k - 2 scrolls of brand weapon
 l - a scroll of acquirement {unknown}
 r - 2 scrolls of identify
 A - 3 scrolls of torment {unknown}
 F - 4 scrolls of fog
 N - 3 scrolls of noise
 P - 5 scrolls of teleportation
 R - 7 scrolls of amnesia
 S - 11 scrolls of enchant weapon
Potions
 h - a potion of haste
 j - 4 potions of brilliance {unknown}
 n - a potion of berserk rage {unknown}
 o - 2 potions of invisibility {unknown}
 p - a potion of experience {unknown}
 w - 2 potions of ambrosia {unknown}
 x - 2 potions of lignification {unknown}
 C - 5 potions of curing
 D - 2 potions of magic {unknown}
 H - 2 potions of heal wounds {unknown}
 M - a potion of might
 Q - 5 potions of flight {unknown}
Miscellaneous
 L - a phantom mirror (inert)


   Skills:
 + Level 11.2 Fighting
 - Level 1.7 Short Blades
 - Level 14.0 Maces & Flails
 - Level 6.0 Throwing
 - Level 10.0 Armour
 - Level 1.3 Dodging
 - Level 6.0 Stealth
 * Level 10.0 Shields
 * Level 7.1 Invocations
 - Level 2.0 Evocations


You had 12 spell levels left.
You didn't know any spells.
Your spell library contained the following spells:

 Spells                   Type           Power      Damage    Failure   Level
 Apportation              Tloc           0%         N/A       97%         1
 Kiss of Death            Conj/Necr      0%         2d5       97%         1
 Magic Dart               Conj           0%         1d3       97%         1
 Necrotise                Necr           0%         1d4       97%         1
 Shock                    Conj/Air       0%         1d3       97%         1
 Slow                     Hex            0%         N/A       97%         1
 Sting                    Tmut/Pois      0%         1d3       97%         1
 Summon Small Mammal      Summ           0%         N/A       97%         1
 Call Imp                 Summ           0%         N/A       99%         2
 Ensorcelled Hibernation  Hex/Ice        0%         N/A       99%         2
 Passwall                 Tmut/Erth      0%         N/A       99%         2
 Poisonous Vapours        Pois/Air       0%         N/A       99%         2
 Static Discharge         Conj/Air       0%         2-2/arc   99%         2
 Confusing Touch          Hex            0%         N/A       100%        3
 Mephitic Cloud           Conj/Pois/Air  0%         N/A       100%        3
 Spider Form              Tmut/Pois      0%         N/A       100%        3
 Swiftness                Air            0%         N/A       100%        3
 Vampiric Draining        Necr           0%         2d6       100%        3
 Vhi's Electric Charge    Tloc/Air       0%         N/A       100%        3
 Anguish                  Hex/Necr       0%         N/A       100%        4
 Flame Wave               Conj/Fire      0%         2d4       100%        4
 Fulminant Prism          Conj/Hex       0%         3d5       100%        4
 Olgreb's Toxic Radiance  Pois           0%         N/A       100%        4
 Arcjolt                  Conj/Air       0%         1d10      100%        5
 Fireball                 Conj/Fire      0%         3d3       100%        5
 Freezing Cloud           Conj/Ice/Air   0%         6-21      100%        5
 Iskenderun's Battlesphe  Conj           0%         2d6       100%        5
 Silence                  Hex/Air        0%         N/A       100%        5
 Conjure Ball Lightning   Conj/Air       0%         3x3d6     100%        6
 Orb of Destruction       Conj           0%         9d5       100%        7
 Discord                  Hex            0%         N/A       100%        8
 Disjunction              Tloc           0%         N/A       100%        8
 Maxwell's Capacitive Co  Air            0%         ∞         100%        8


Dungeon Overview and Level Annotations

Branches:
Dungeon (14/15)            Temple (1/1) D:4            Lair (0/5) D:11
    Orc (0/2) D:9          Vaults (0/5) D:13         Bailey (visited)

Altars:
Ashenzari
Cheibriados
Dithmenos
Elyvilon
Fedhas
Gozag
Hepliaklqana
Kikubaaqudgha
Makhleb
Nemelex Xobeh
Okawaru
Qazlal
Ru
Sif Muna
Trog
Uskayaw
Vehumet
Wu Jian
Xom
Yredelemnul
Zin
The Shining One

Shops:
D:2 :   D:6 =

Annotations:
D:14 Jorgrun, Nessos


Innate Abilities, Weirdness & Mutations

You are completely covered in rugged brown scales. (AC +3, +7% HP)
Armour fits poorly on your strangely shaped body.
You have a long armoured tail.
You roll when moving toward enemies. (Rampage)
Your long tongue fully drains potion bottles. (2x potion effects)
Your tongue gives you trouble enunciating. (1.5x scroll delay)


Message History

Your shield is strengthened by the Shining One's divine power.
You block Jorgrun's attack.
You hit Jorgrun but do no damage.
Your weapon exudes an aura of protection.
Jorgrun is lightly wounded.
Nessos gestures wildly while chanting.
Nessos blinks!
You block the boulder beetle's attack.
You hit Jorgrun.
Jorgrun is lightly wounded.
Nessos wields a +1 longbow of flaming.
It bursts into flame!
Nessos shoots an arrow.
You block the arrow with an invisible shield... and reflect it back!
The arrow closely misses Nessos.
Jorgrun says, "Yer just na down-ta-earth enough."
Jorgrun casts a spell at you. The iron shot hits you!!!
The boulder beetle bites you. You block the slime creature's attack.
Press: ? - help, v - describe, . - travel
Here: Nessos, wielding a +1 longbow of flaming and wearing a +0 barding (haloed)
The floor.
Unknown command.
Blink to where?
Press: ? - help, Dir - move target, p - Jorgrun As you slowly read the scroll of blinking, it crumbles to dust.
Nessos mumbles some strange words.
Nessos seems to speed up.
Jorgrun points at you and mumbles some strange words.
You are slowing down.
Nessos shoots an arrow.
You block the arrow with an invisible shield... and reflect it back!
The arrow hits Nessos!
The arrow burns Nessos.
Nessos looks as sick as possible!
Jorgrun points at you and mumbles some strange words.
You struggle to resist.
Nessos casts a spell.
Nessos blinks!
The boulder beetle curls into a ball and begins rolling!
Nessos shoots an arrow.
The arrow hits you but does no damage.
You have turned to stone.
You stop ascending the stairs.
Nessos casts a spell.
Nessos blinks!
Nessos shoots an arrow.
The arrow hits you! The arrow burns you.
Nessos shoots an arrow.
The arrow hits you. The arrow burns you.
Nessos shoots an arrow.
The arrow hits you! The arrow burns you.
The boulder beetle hits you but does no damage.
The boulder beetle stops rolling and uncurls.
The boulder beetle bites you!
The slime creature hits you but does no damage.
A large slime creature splits.
Jorgrun points at you and mumbles some strange words.
Roots burst forth from the earth!
The grasping roots grab you! The grasping roots constrict you.
Nessos unwields a +1 longbow of flaming.
It stops flaming.
Nessos hits you but does no damage. Nessos kicks you but does no damage.
The boulder beetle leaps!
Two slime creatures merge to form a large slime creature.
Nessos casts a spell.
Nessos blinks!
Nessos wields a +1 longbow of flaming.
It bursts into flame!
Nessos shoots an arrow.
The arrow hits you but does no damage. The grasping roots constrict you.
The large slime creature hits you but does no damage.
The slime creature hits you!
Nessos shoots an arrow.
The arrow hits you! The arrow burns you.
Nessos shoots an arrow.
The arrow hits you. The arrow burns you.
Jorgrun hits you with a +0 heavy quarterstaff!
The grasping roots constrict you!
* * * LOW HITPOINT WARNING * * *
The large slime creature hits you!!
* * * LOW HITPOINT WARNING * * *
The slime creature hits you but does no damage.
Nessos intently looks at you, slowly moving their tail.
Nessos shoots an arrow.
The arrow hits you.
* * * LOW HITPOINT WARNING * * *
The arrow burns you.
* * * LOW HITPOINT WARNING * * *
Nessos shoots an arrow.
The arrow hits you.
* * * LOW HITPOINT WARNING * * *
The arrow burns you.
The boulder beetle bites you but does no damage.
A large slime creature splits.
Jorgrun hits you but does no damage. The grasping roots constrict you.
* * * LOW HITPOINT WARNING * * *
The slime creature hits you but does no damage.
Nessos gestures wildly while chanting.
Nessos blinks!
The boulder beetle bites you but does no damage.
The slime creature hits you but does no damage.
The slime creature hits you!
* * * LOW HITPOINT WARNING * * *
The slime creature hits you but does no damage.
You turn to flesh and can move again.
Unknown command.
Blink to where?
Press: ? - help, Dir - move target Really blink into that teleport trap?
The roots grasp on you weakens, but your attempt to escape fails.
As you slowly read the scroll of blinking, it crumbles to dust.
Jorgrun points at you and mumbles some strange words.
The iron shot hits you!!
You die...

#+## ..# #^# ####.######
####+### #.........# #.......
#....g....# #....... .
#....J@...# #.......
(.#####.c..JJB..######.......
..§(.(...............#..|.<..
#.............####.#.......
###...........# #.'.......
###.........# ###.......
#.........# ###+####
####.###### #.


You could see Jorgrun (poisoned), a boulder beetle, Nessos (fast, very poisoned)
and 3 slime creatures.

Vanquished Creatures
  A vault guard (D:13)
  2 hydras
  4 two-headed ogres
  3 centaur warriors
  3 boulder beetles
  Nergalle (D:11)
  Amaemon (D:7)
  3 orc knights (Bailey)
  2 ugly things
  A deep elf pyromancer (D:12)
  A manticore (D:11)
  A cyclops (D:9)
  An orange demon (D:8)
  2 freezing wraiths (D:9)
  An efreet (D:9)
  A komodo dragon (D:12)
  Grinder (D:6)
  A hornet (D:11)
  A slime creature (D:9)
  5 wraiths
  A centaur simulacrum (D:11)
  A vampire (D:9)
  A water elemental (D:11)
  26 yaks
  A steam dragon (D:7)
  3 wyverns
  A basilisk (D:13)
  9 humans (D:13)
  4 vampire mosquitoes (D:11)
  An acid dragon (D:12)
  11 orc warriors
  3 water moccasins
  A sky beast (D:7)
  4 ice beasts
  10 centaurs
  2 phantoms (D:5)
  3 kobold brigands
  A gnoll sergeant (D:6)
  9 bullfrogs
  6 scorpions
  13 wights
  Dowan (D:7)
  2 killer bees (D:9)
  4 electric eels (D:11)
  8 howler monkeys
  7 hounds
  7 orc priests
  3 jellies
  3 gnoll boudas
  2 iguanas (D:7)
  A sleepcap (D:8)
  9 orc wizards
  Robin (D:4)
  3 adders
  22 gnolls
  A white imp (D:8)
  An ufetubus (D:6)
  2 worms
  2 dart slugs (D:1)
  56 orcs
  5 ball pythons
  10 endoplasms
  3 giant cockroaches
  16 goblins
  9 hobgoblins
  4 jackals (D:3)
  2 quokkas
  7 bats
  2 frilled lizards
  21 kobolds
  2 rats (D:2)
363 creatures vanquished.

Vanquished Creatures (collateral kills)
  A vault guard (D:13)
1 creature vanquished.

Vanquished Creatures (others)
  A human (D:13)
  9 fungi (D:11)
  33 plants (D:11)
43 creatures vanquished.

Grand Total: 407 creatures vanquished

Notes
Turn   | Place    | Note
-------+----------+-------------------------------------------
     0 | D:5      | browni3141 the Armataur Delver began the quest for the Orb.
     0 | D:5      | Reached XP level 1. HP: 19/19 MP: 1/1
    25 | D:5      | Reached skill level 6 in Stealth
    25 | D:5      | Reached XP level 2. HP: 26/26 MP: 2/2
   175 | D:4      | Found a staircase to the Ecumenical Temple.
   180 | D:4      | Reached skill level 3 in Fighting
   182 | Temple   | Entered the Ecumenical Temple
   300 | Temple   | Became a worshipper of the Shining One
   452 | D:4      | HP: 1/27 [acid (10)]
   454 | D:4      | Reached XP level 3. HP: 2/33 MP: 3/3
   624 | Temple   | Reached skill level 3 in Armour
   755 | Temple   | Reached XP level 4. HP: 40/40 MP: 4/4
   839 | D:3      | Found a burning altar of Makhleb.
   971 | D:3      | Found a blossoming altar of Fedhas.
   978 | D:3      | Reached skill level 1 in Maces & Flails
  1130 | D:3      | Noticed an ice beast
  1138 | D:3      | Killed an ice beast
  1139 | D:3      | Reached XP level 5. HP: 18/49 MP: 5/5
  1299 | D:3      | Reached skill level 2 in Maces & Flails
  1494 | D:3      | Reached XP level 6. HP: 43/55 MP: 6/6
  1568 | D:2      | Found a glowing silver altar of Zin.
  1846 | D:1      | Noticed an eye of devastation
  1849 | D:1      | Found a faded altar of an unknown god.
  1851 | D:1      | Noticed a golden eye
  1858 | D:1      | Noticed an eye of devastation
  1868 | D:1      | Noticed a shining eye
  2676 | D:2      | Found Veigoe's Book Emporium.
  3065 | D:3      | Found a shadowy altar of Dithmenos.
  3621 | D:4      | Noticed Robin
  3628 | D:4      | Killed Robin
  4016 | D:4      | Noticed a wyvern
  4026 | D:4      | Killed a wyvern
  4027 | D:4      | Reached XP level 7. HP: 47/64 MP: 7/7
  4036 | D:4      | Reached skill level 3 in Maces & Flails
  4209 | D:5      | Reached skill level 3 in Throwing
  4324 | D:5      | Reached skill level 4 in Maces & Flails
  4410 | D:5      | Reached * piety under the Shining One
  4441 | D:5      | Reached skill level 5 in Maces & Flails
  4464 | D:5      | Reached XP level 8. HP: 68/72 MP: 8/8
  4822 | D:5      | Found a stormy altar of Qazlal.
  5022 | D:5      | Reached skill level 6 in Maces & Flails
  5435 | D:6      | Reached skill level 7 in Maces & Flails
  5908 | D:6      | Found Nonkoz's Jewellery Emporium.
  5916 | D:6      | Bought an amulet of reflection for 390 gold pieces
  5987 | D:6      | Noticed Grinder
  6061 | D:6      | Killed Grinder
  6062 | D:6      | Reached skill level 8 in Maces & Flails
  6062 | D:6      | Reached skill level 3 in Shields
  6062 | D:6      | Reached XP level 9. HP: 70/79 MP: 7/9
  6098 | D:6      | Found a sacrificial altar of Ru.
  7183 | D:7      | Noticed Dowan
  7316 | D:7      | Killed Dowan
  7578 | D:7      | Reached skill level 6 in Fighting
  7612 | D:7      | Reached skill level 3 in Invocations
  7612 | D:7      | Reached XP level 10. HP: 41/89 MP: 12/12
  7756 | D:8      | Reached ** piety under the Shining One
  7793 | D:8      | Reached skill level 6 in Armour
  8017 | D:8      | Reached skill level 9 in Maces & Flails
  8067 | D:8      | Found a flagged portal.
  8096 | Bailey   | Entered a bailey
  8643 | Bailey   | Noticed an orc knight
  8654 | Bailey   | Killed an orc knight
  8665 | Bailey   | Noticed an orc knight
  8675 | Bailey   | Noticed an orc knight
  8689 | Bailey   | Killed an orc knight
  8719 | Bailey   | Killed an orc knight
  9116 | D:8      | Noticed an orange demon
  9120 | D:8      | Noticed Amaemon
  9347 | D:7      | Killed Amaemon
  9348 | D:7      | Reached XP level 11. HP: 37/98 MP: 14/14
  9835 | D:9      | Identified the +2 robe of Instinct {Harm}
  9954 | D:9      | Found a staircase to the Orcish Mines.
 10167 | D:9      | Reached *** piety under the Shining One
 10374 | D:9      | Noticed a centaur warrior
 10452 | D:9      | Killed a centaur warrior
 10453 | D:9      | Reached skill level 6 in Invocations
 10573 | D:9      | Noticed a cyan ugly thing
 10574 | D:9      | Noticed a two-headed ogre
 10578 | D:9      | Noticed a boulder beetle
 10581 | D:9      | Killed a cyan ugly thing
 10582 | D:9      | Reached skill level 10 in Maces & Flails
 10593 | D:9      | Killed a two-headed ogre
 10594 | D:9      | Reached skill level 9 in Armour
 10625 | D:9      | Killed a boulder beetle
 10647 | D:9      | Identified the staff of fire "Cofa" {rElec rF+}
 11126 | D:10     | Entered Level 10 of the Dungeon
 11126 | D:10     | Noticed a four-headed hydra
 11154 | D:10     | Killed a four-headed hydra
 11340 | D:10     | Found a portal to a secret trove of treasure.
 11637 | D:10     | Found a radiant altar of Vehumet.
 11638 | D:10     | Found a shimmering blue altar of Sif Muna.
 11640 | D:10     | Found an iron altar of Okawaru.
 11700 | Trove    | Entered a treasure trove
 11761 | Trove    | Got Xeehyira's Discourse on Hot Momentum
 11770 | Trove    | Got Sif Muna's Parchment of Energetic Ensorcelling
 11988 | D:11     | Noticed a two-headed ogre
 12001 | D:11     | Reached XP level 12. HP: 78/108 MP: 17/17
 12008 | D:11     | Killed a two-headed ogre
 12015 | D:11     | Reached skill level 6 in Throwing
 12246 | D:11     | Noticed a boulder beetle
 12250 | D:11     | Reached skill level 6 in Shields
 12276 | D:11     | Killed a boulder beetle
 12445 | D:11     | Noticed Nergalle
 12463 | D:11     | Killed Nergalle
 12464 | D:11     | Reached skill level 11 in Maces & Flails
 12966 | D:11     | Reached skill level 9 in Fighting
 13170 | D:11     | Found a staircase to the Lair.
 13358 | D:11     | Reached skill level 12 in Maces & Flails
 13364 | D:11     | Reached skill level 9 in Shields
 13666 | D:12     | Noticed a two-headed ogre
 13674 | D:12     | Killed a two-headed ogre
 14122 | D:13     | Noticed a two-headed ogre
 14122 | D:13     | Noticed a boulder beetle
 14142 | D:13     | Killed a two-headed ogre
 14152 | D:13     | Killed a boulder beetle
 14197 | D:13     | Noticed a centaur warrior
 14206 | D:13     | Killed a centaur warrior
 14207 | D:13     | Reached skill level 13 in Maces & Flails
 14389 | D:13     | Identified the +5 ring mail of the Moon {Dex+3}
 14419 | D:13     | Noticed a centaur warrior
 14426 | D:13     | Killed a centaur warrior
 14583 | D:13     | Noticed an eight-headed hydra
 14590 | D:13     | Killed an eight-headed hydra
 14812 | D:13     | Noticed a vault guard
 14812 | D:13     | Noticed a vault guard
 14826 | D:13     | Killed a vault guard
 14827 | D:13     | Reached XP level 13. HP: 112/121 MP: 18/18
 14865 | D:13     | Reached skill level 14 in Maces & Flails
 15066 | D:13     | Found a gate to the Vaults.
 15250 | D:14     | Noticed Jorgrun
 15256 | D:14     | Noticed Nessos
 15271 | D:14     | HP: 5/124 [slime creature (6)]
 15272 | D:14     | Killed from afar by Jorgrun

Illustrated notes

Levels and vault maps discovered:
D:1:      dpeg_arrival_oval, layout_basic,
          hellmonk_ecumenical_altar_watching_god
D:2:      layout_loops_ring, serial_shops, shop_fountains, basic_altar,
          minmay_fractal_squares_5
D:3:      layout_basic, lemuel_crystal_altar, lemuel_doored_altar,
          nicolae_overflow_hidden_temple
D:4:      layout_loops_ring, minmay_temple_entry_purple_smoke,
          nicolae_concentric_dashed_squares_wild, minivault_25,
          small_statue_intersection, kennysheep_generic_room_16, uniq_robin
D:5:      layout_loops_ring, mainiacjoe_overflow_alcove_2
D:6:      layout_basic, mainiacjoe_overflow_surrounded_room, serial_shops,
          nicolae_shop_real_fake_doors, chequers_hall_statues_y, st_stairs_13,
          minmay_misc_feat_secret_circle, uniq_grinder
D:7:      layout_loops_ring, uniq_duvessa
D:8:      layout_cave_pools, enter_bailey_7, uniq_amaemon
D:9:      minmay_the_grid_triangle_9x9_rhombus_full
          [minmay_the_grid_triangle_9x9_odd_lines,
          minmay_the_grid_triangle_9x9_sparse_checkered,
          minmay_the_grid_triangle_9x9_checkered,
          minmay_the_grid_triangle_9x9_negative_grid,
          minmay_the_grid_triangle_9x9_impossible_snake,
          minmay_the_grid_triangle_9x9_warning,
          minmay_the_grid_triangle_9x9_shrine,
          minmay_the_grid_triangle_9x9_prize_center], layout_cave_pools,
          grunt_ministairs_3
D:10:     layout_long_grid, minitemple, enter_trove_1
D:11:     layout_roguey, grunt_lair_entry_orc_guard_hut, serial_bayou_lake_a,
          uniq_nergalle
D:12:     layout_roguey
D:13:     layout_loops_ring, ximxim_vaults_locker_room
D:14:     layout_roguey, nemelex_spade_bored_becter, kennysheep_doodads,
          uniq_nessos, uniq_jorgrun, uniq_snorg
Temple:   compressed_dpeg_circular_temple

Skill      XL: |  1  2  3  4  5  6  7  8  9 10 11 12 13 |
---------------+----------------------------------------+-----
Stealth        | 6 |  6.0
Fighting       | 3 4 5 6 7 8 10 11 | 11.2
Armour         | 2 3 5 7 9 10 | 10.0
Maces & Flails | 1 2 5 8 9 10 13 14 | 14.0
Throwing       | 1 2 3 5 6 |  6.0
Evocations     | 2 |  2.0
Shields        | 3 5 10 | 10.0
Invocations    | 3 5 7 |  7.1
Short Blades   | |  1.7
Dodging        | |  1.3

Action                     |  1- 3 |  4- 6 |  7- 9 | 10-12 | 13-15 || total
---------------------------+-------+-------+-------+-------+-------++-------
  Melee: Short sword       |    11 |       |       |       |       ||    11
         Rapier            |    17 |       |       |       |       ||    17
         Tailslap          |     6 |     6 |    48 |   175 |    13 ||   248
         Flail             |       |   138 |   238 |   769 |    78 ||  1223
         Punch             |       |     1 |     3 |       |       ||     4
  Throw: Throwing net      |     1 |       |       |       |       ||     1
         Stone             |       |    12 |       |       |       ||    12
         Dart              |       |     3 |    18 |    37 |     6 ||    64
         Boomerang         |       |       |     2 |    47 |       ||    49
 Invoke: Divine Shield     |       |       |     1 |     5 |     1 ||     7
         Cleansing Flame   |       |       |       |     3 |       ||     3
  Evoke: Wand              |     2 |    19 |       |    16 |       ||    37
         Phantom mirror    |       |       |       |     2 |       ||     2
    Use: Potion            |       |     1 |       |     6 |       ||     7
         Scroll            |       |       |       |    16 |     2 ||    18
   Stab: Sleeping          |     2 |       |       |       |       ||     2
 Armour: Leather armour    |     5 |    30 |       |       |       ||    35
         Scale mail        |       |    55 |    58 |       |       ||   113
         Ring mail         |       |       |    23 |       |       ||    23
         Pearl dragon scal |       |       |    37 |   482 |    39 ||   558
  Dodge: Dodged            |     7 |    80 |    88 |   237 |     7 ||   419
  Block: Buckler           |       |       |    60 |   436 |    27 ||   523
         Reflection        |       |       |       |     6 |     2 ||     8
         Tower shield      |       |       |       |       |     5 ||     5
